 Dungeon Crawl Stone Soup version 0.29-a0-493-g10c3c7b (webtiles) character file.

Game seed: 2527655220913943943

568562 Illumine the Warrior (level 23, -4/195 HPs)
             Began as a Demigod Ice Elementalist on May 26, 2022.
             Constricted to death by a tentacled monstrosity (6 damage)
             ... on level 4 of the Realm of Zot on May 27, 2022.
             The game lasted 04:14:42 (103761 turns).

Illumine the Warrior (Demigod Ice Elementalist)   Turns: 103761, Time: 04:14:44

Health: -4/195     AC: 11    Str:  7    XL:     23   Next: 84%
Magic:  27/48      EV: 16    Int: 49    God:
Gold:   5755       SH: 15    Dex: 14    Spells: 9/52 levels left

rFire   + + .      SeeInvis +   a - staff of cold
rCold   + + +      Faith    .   J - +2 shield of Resistance {rF++ rC++ Will++}
rNeg    + . .      Spirit   .   F - +1 robe of Vines {NoPotionHeal Regen++++}
rPois   +          Reflect  .   I - +2 helmet
rElec   +          Harm     .   f - scarf {rC+ rF+}
rCorr   .          Rampage  .   C - +3 pair of gloves of Tartarus {Will+}
Will    +++++                   l - +0 pair of boots of the Tick {Int+4}
Stlth   ++........              e - amulet "Qumyuvue" {rElec rC+ Regen+}
HPRegen 4.42/turn               N - ring of Huycvuuk {Fly rPois rN+ Slay+3 SInv}
MPRegen 0.31/turn               Y - ring "Ciaseciw" {Ice rPois}

@: flying, constricted, unable to read, unable to drink
A: high MP 1, forlorn, divine attributes, frail 1, weak 1, subdued magic 1,
inability to read while threatened
}: 4/15 runes: barnacled, slimy, silver, gossamer
a: no special abilities


You were on level 4 of the Realm of Zot.
You visited 10 branches of the dungeon, and saw 52 of its levels.
You visited 1 bazaar.
You also visited: Trove and Gauntlet.

You collected 9141 gold pieces.
You spent 3386 gold pieces at shops.

Inventory:

Hand Weapons
 b - a +9 spectral demon blade
Missiles
 H - 15 silver javelins (quivered)
Armour
 f - a scarf of resistance (worn)
 l - the +0 pair of boots of the Tick (worn) {Int+4}
   (You found it on level 5 of the Pits of Slime)

   Int:       It affects your intelligence (+4).
 C - the +3 pair of gloves of Tartarus (worn) {Will+}
   (You found it on level 3 of the Elven Halls)

   Will:      It increases your willpower.
 E - the +1 helmet of Onwoit {-Cast Regen+ SInv}
   (You found it on level 3 of the Shoals)

   SInv:      It lets you see invisible.
   -Cast:     It prevents spellcasting.
   Regen:     It increases your rate of health regeneration.
 F - the +1 robe of Vines (worn) {NoPotionHeal Regen++++}
   (You bought it in a shop on level 2 of the Orcish Mines)

   Its wearer cannot be healed by potions.
   Regen:     It increases your rate of health regeneration.
 I - a +2 helmet (worn)
 J - the +2 shield of Resistance (worn) {rF++ rC++ Will++}
   (You bought it in a shop on level 2 of the Orcish Mines)

   rF:        It greatly protects you from fire.
   rC:        It greatly protects you from cold.
   Will:      It greatly increases your willpower.
Magical Staves
 a - a staff of cold (weapon)
Jewellery
 e - the amulet "Qumyuvue" (around neck) {rElec rC+ Regen+}
   (You took it off a deep elf sorcerer on level 5 of the Vaults)

   [amulet of regeneration]

   rC:        It protects you from cold.
   rElec:     It insulates you from electricity.
   Regen:     It increases your rate of health regeneration.
 h - the ring "Siohal" {rF+ MP+9}
   (You found it on level 2 of the Elven Halls)

   [ring of protection from fire]

   rF:        It protects you from fire.
   MP:        It affects your magic capacity (+9).
 n - the amulet of Pragmatism {RegenMP rC+ Str-5 Dex+4}
   (You found it in a treasure trove)

   [amulet of magic regeneration]

   It increases your rate of magic regeneration.
   Str:       It affects your strength (-5).
   Dex:       It affects your dexterity (+4).
   rC:        It protects you from cold.
 q - the amulet "Ukor" {Reflect rCorr Dex+4 SH+5}
   (You took it off a deep elf death mage on level 3 of the Elven Halls)

   [amulet of reflection]

   It reflects blocked missile attacks.
   Dex:       It affects your dexterity (+4).
   rCorr:     It protects you from acid and corrosion.
   SH:        It affects your SH (+5).
 s - the ring "Jiheam Isi" {rPois MP+9 Str+6 Dex+2}
   (You found it in a treasure trove)

   [ring of strength]

   Str:       It affects your strength (+6).
   Dex:       It affects your dexterity (+2).
   rPois:     It protects you from poison.
   MP:        It affects your magic capacity (+9).
 w - a ring of wizardry
 z - the ring of Pif Suov {Fly rF++ rC+++ AC+4 Str-4}
   (You found it in a treasure trove)

   [ring of protection]

   AC:        It affects your AC (+4).
   Str:       It affects your strength (-4).
   rF:        It greatly protects you from fire.
   rC:        It renders you almost immune to cold.
   Fly:       It grants you flight.
 B - a ring of fire
 M - the amulet "Huxeiny" {Reflect rPois rN+ SH+5}
   (You acquired it on level 6 of the Dungeon)

   [amulet of reflection]

   It reflects blocked missile attacks.
   rPois:     It protects you from poison.
   rN:        It protects you from negative energy.
   SH:        It affects your SH (+5).
 N - the ring of Huycvuuk (left hand) {Fly rPois rN+ Slay+3 SInv}
   (You took it off a rakshasa on level 2 of the Depths)

   [ring of flight]

   Slay:      It affects your accuracy & damage with ranged weapons and melee
   (+3).
   rPois:     It protects you from poison.
   rN:        It protects you from negative energy.
   SInv:      It lets you see invisible.
   Fly:       It grants you flight.
 O - a ring of resist corrosion
 Q - a ring of willpower
 T - the ring "Reuq" {rF- rC+ rN+ Str+7 Stlth-}
   (You found it in a Gauntlet)

   [ring of protection from cold]

   Str:       It affects your strength (+7).
   rF:        It makes you vulnerable to fire.
   rC:        It protects you from cold.
   rN:        It protects you from negative energy.
   Stlth:     It makes you less stealthy.
 Y - the ring "Ciaseciw" (right hand) {Ice rPois}
   (You found it on level 2 of the Shoals)

   [ring of ice]

   It enhances your ice magic.
   rF:        It makes you vulnerable to fire.
   rC:        It protects you from cold.
   rPois:     It protects you from poison.
Wands
 t - a wand of digging (6)
 A - a wand of acid (11)
 G - a wand of mindburst (44)
 Z - a wand of polymorph (32)
Scrolls
 i - 4 scrolls of torment
 k - 18 scrolls of teleportation
 m - 6 scrolls of enchant armour
 r - 9 scrolls of immolation
 u - a scroll of blinking
 v - 3 scrolls of silence
 y - 8 scrolls of amnesia
 R - 2 scrolls of poison
 U - 4 scrolls of vulnerability
 V - 7 scrolls of fear
 X - 4 scrolls of magic mapping
Potions
 c - 5 potions of ambrosia
 d - 2 potions of invisibility
 g - 9 potions of mutation
 j - 10 potions of resistance
 o - 10 potions of curing
 p - 6 potions of magic
 x - 14 potions of brilliance
 D - 6 potions of lignification
 K - 4 potions of cancellation
 L - 2 potions of haste
Miscellaneous
 P - a phantom mirror
 S - a lightning rod (4/4)
 W - a tin of tremorstones (2/2)


   Skills:
 + Level 20.3 Fighting
 - Level 2.0(9.2) Short Blades
 - Level 13.9(14.0) Long Blades
 - Level 4.1 Axes
 - Level 3.3 Staves
 + Level 16.3 Dodging
 - Level 2.0 Stealth
 - Level 15.4 Shields
 + Level 15.1 Spellcasting
 - Level 6.0 Conjurations
 - Level 5.0 Hexes
 - Level 2.0 Necromancy
 - Level 4.0 Transmutations
 + Level 14.1 Ice Magic
 - Level 16.0 Air Magic
 - Level 5.4 Evocations


You had 9 spell levels left.
You knew the following spells:

 Your Spells              Type           Power      Damage    Failure   Level
a - Freeze                Ice            100%       1d11      0%          1
b - Frozen Ramparts       Ice            100%       1d12      0%          3
c - Ozocubu's Armour      Ice            100%       N/A       0%          3
d - Hailstorm             Conj/Ice       100%       3d20      1%          4
e - Tukima's Dance        Hex            60%        N/A       1%          3
f - Ozocubu's Refrigerat  Ice            70%        4d19      1%          7
g - Dispel Undead         Necr           43%        3d17      3%          4
h - Airstrike             Air            49%        N/A       0%          4
i - Yara's Violent Unrav  Hex/Tmut       29%        3d12      3%          5
j - Maxwell's Capacitive  Air            49%        ∞         7%          8
k - Apportation           Tloc           56%        N/A       1%          1

Your spell library contained the following spells:

 Spells                   Type           Power      Damage    Failure   Level
 Shock                    Conj/Air       100%       1d9       0%          1
 Ensorcelled Hibernation  Hex/Ice        100%       N/A       0%          2
 Static Discharge         Conj/Air       84%        N/A       0%          2
 Swiftness                Air            99%        N/A       0%          3
 Foxfire                  Conj/Fire      100%       2x1d9     1%          1
 Magic Dart               Conj           100%       1d8       1%          1
 Slow                     Hex            100%       N/A       1%          1
 Sting                    Tmut/Pois      100%       1d8       1%          1
 Blink                    Tloc           56%        N/A       1%          2
 Passwall                 Tmut/Erth      35%        N/A       1%          2
 Poisonous Vapours        Pois/Air       100%       N/A       1%          2
 Scorch                   Fire           56%        2d8       1%          2
 Searing Ray              Conj           100%       2d8       1%          2
 Sublimation of Blood     Necr           43%        N/A       1%          2
 Wereblood                Tmut           55%        N/A       1%          2
 Conjure Flame            Conj/Fire      50%        6-21      1%          3
 Dazzling Flash           Conj/Hex       100%       N/A       1%          3
 Ignite Poison            Fire/Tmut/Pois 38%        N/A       1%          3
 Inner Flame              Hex/Fire       47%        N/A       1%          3
 Mephitic Cloud           Conj/Pois/Air  70%        N/A       1%          3
 Portal Projectile        Hex/Tloc       94%        N/A       1%          3
 Spider Form              Tmut/Pois      43%        N/A       1%          3
 Stone Arrow              Conj/Erth      100%       3d13      1%          3
 Anguish                  Hex/Necr       26%        N/A       1%          4
 Corpse Rot               Necr/Pois/Air  65%        N/A       1%          4
 Flame Wave               Conj/Fire      50%        2d10      1%          4
 Fulminant Prism          Conj/Hex       31%        3d16      1%          4
 Ice Form                 Ice/Tmut       100%       N/A       1%          4
 Iskenderun's Mystic Bla  Conj/Tloc      50%        2d11      1%          4
 Sticky Flame             Conj/Fire      50%        2d7       1%          4
 Summon Ice Beast         Ice/Summ       100%       N/A       1%          4
 Summon Lightning Spire   Summ/Air       73%        N/A       1%          4
 Freezing Cloud           Conj/Ice/Air   66%        6-21      1%          5
 Lightning Bolt           Conj/Air       42%        1d61      1%          5
 Silence                  Hex/Air        41%        N/A       1%          5
 Gell's Gravitas          Tloc           28%        N/A       2%          3
 Lesser Beckoning         Tloc           28%        N/A       2%          3
 Teleport Other           Tloc           28%        N/A       2%          3
 Animate Dead             Necr           43%        N/A       3%          4
 Blade Hands              Tmut           27%        N/A       4%          5
 Simulacrum               Ice/Necr       58%        N/A       4%          6
 Animate Armour           Summ/Erth      56%        N/A       8%          4
 Olgreb's Toxic Radiance  Pois           28%        N/A       8%          4
 Passage of Golubria      Tloc           28%        N/A       8%          4
 Agony                    Necr           43%        N/A       10%         5
 Alistair's Intoxication  Tmut/Pois      28%        N/A       10%         5
 Borgnjor's Vile Clutch   Necr/Erth      18%        N/A       16%         5
 Lee's Rapid Deconstruct  Erth           14%        3d10*     22%         5
 Manifold Assault         Tloc           28%        N/A       22%         5
 Iron Shot                Conj/Erth      25%        9d5       36%         6
 Starburst                Conj/Fire      25%        6d8       36%         6
 Death Channel            Necr           21%        N/A       50%         6
 Eringya's Noxious Bog    Tmut/Pois      21%        N/A       50%         6
 Summon Cactus Giant      Summ           14%        N/A       80%         6
 Malign Gateway           Summ/Tloc      14%        N/A       100%        7
 Summon Hydra             Summ           14%        N/A       100%        7
 Ignition                 Fire           14%        3d6       100%        8
 Infestation              Necr           21%        N/A       100%        8
 Lehudib's Crystal Spear  Conj/Erth      25%        10d7      100%        8
 Summon Horrible Things   Summ           14%        N/A       100%        8
 Fire Storm               Conj/Fire      25%        8d6       100%        9


Dungeon Overview and Level Annotations

Branches:
Dungeon (15/15)            Temple (0/1) D:7            Lair (6/6) D:8
 Shoals (4/4) Lair:3       Spider (4/4) Lair:2        Slime (5/5) Lair:5
    Orc (2/2) D:9             Elf (3/3) Orc:2        Vaults (5/5) D:13
  Crypt (0/3) Vaults:3     Depths (4/4) D:15            Zot (4/5) Depths:4
Gauntlet (visited)

Shops:
D:6 [?[*   D:11 **   D:12 ?   D:15 !   Orc:2 [=[(   Elf:1 ==   Elf:2 ?
Shoals:3 *   Vaults:3 :   Depths:2 [*

Portals:
Hell: Lair:6 Depths:1 Depths:2 Depths:3 Depths:4
Abyss: Depths:1 Depths:2 Depths:3
Pandemonium: Depths:2 Depths:3
Ziggurat: Depths:1

Annotations:
Elf:2 3 runed translucent doors
Vaults:2 2 transporters, SuisLittleHoshiymin's ghost, adept HOMo


Innate Abilities, Weirdness & Mutations

You have an increased reservoir of magic. (+10% MP)
You shall have no god before yourself.
Your divine heritage dramatically boosts your attributes as you level up.
You are frail. (-10% HP)
You are weak. (Str -2)
Your spells are a little easier to cast, but a little less powerful.
You sometimes lose the ability to read scrolls when taking damage.


Message History

You block the tentacled monstrosity's attack.
The tentacled monstrosity misses you.
The tentacled monstrosity barely misses you.
The tentacled monstrosity tentacle-slaps you!
The tentacled monstrosity constricts you.
The tentacled monstrosity tentacle-slaps you but does no damage.
The tentacled monstrosity closely misses you.
The tentacled monstrosity completely misses you.
The tentacled monstrosity constricts you.
The tentacled monstrosity tentacle-slaps you! x3
Unknown command.
Unknown command.
You feel charge building up...
The tentacled monstrosity closely misses you.
You block the tentacled monstrosity's attack. x2
The tentacled monstrosity tentacle-slaps you!
You feel threatened and lose the ability to read scrolls!
The tentacled monstrosity tentacle-slaps you but does no damage.
The tentacled monstrosity completely misses you.
The tentacled monstrosity constricts you.
You feel charge building up...
The tentacled monstrosity tentacle-slaps you!!
The tentacled monstrosity tentacle-slaps you!
* * * LOW HITPOINT WARNING * * *
The tentacled monstrosity tentacle-slaps you but does no damage.
The tentacled monstrosity tentacle-slaps you!
* * * LOW HITPOINT WARNING * * *
The tentacled monstrosity tentacle-slaps you.
* * * LOW HITPOINT WARNING * * *
The tentacled monstrosity tentacle-slaps you.
* * * LOW HITPOINT WARNING * * *
The tentacled monstrosity constricts you.
* * * LOW HITPOINT WARNING * * *
The tentacled monstrosity tentacle-slaps you!!
* * * LOW HITPOINT WARNING * * *
You block the tentacled monstrosity's attack.
The tentacled monstrosity tentacle-slaps you!
* * * LOW HITPOINT WARNING * * *
The tentacled monstrosity constricts you.
You die...

#≈.≈≈≈≈≈≈≈≈....,,,≈,≈≈,*
#≈....†≈≈....≈.≈≈,,,≈≈,**
#≈≈≈≈..≈≈$≈..≈.≈≈≈≈≈≈≈,,,
#≈≈≈≈≈.≈≈.≈....≈≈≈≈≈≈≈**,
#≈≈≈≈≈....≈.≈..≈≈≈≈≈≈≈**,
#≈≈≈≈≈......≈..≈≈≈≈≈≈≈**,
#≈≈≈≈≈.≈≈≈..≈)≈≈≈≈≈≈≈≈**,
#≈≈≈≈≈.≈X≈....≈≈≈≈≈≈≈≈***
#≈≈...)≈@.≈.≈.≈≈≈≈≈≈≈≈*
***#≈≈[)≈≈≈≈X≈.≈.≈≈≈≈≈≈≈≈*
*,..)≈[≈≈≈≈..≈...≈≈≈≈≈≈≈≈*
*,...#.####.#######*******
*,...#.***#..,,*
*,.(,#.*,,....,*
*****,,,,*,,,,.###.*
**,,,,,,,,,,,,,.*****
≈≈≈≈≈≈≈,≈≈≈≈≈≈≈≈≈≈***


You could see 2 tentacled monstrosities.

Vanquished Creatures
  the Royal Jelly (Slime:5)
  A dread lich (Vaults:5)
  3 ancient liches
  Bai Suzhen (Depths:2)
  Frederick (Vaults:5)
  4 golden dragons
  A bone dragon (Vaults:3)
  Arachne (Spider:4)
  2 electric golems (Zot:1)
  11 tentacled monstrosities
  Zenata (Elf:3)
  3 liches
  7 quicksilver dragons
  2 deep elf blademasters (Elf:3)
  A walking divine tome (Depths:3)
  5 titans (Vaults:5)
  A deep elf master archer (Elf:3)
  5 acid blobs
  6 death cobs
  Polyphemus (Shoals:3)
  2 sphinxes
  5 shadow dragons
  Donald (Shoals:3)
  11 azure jellies
  A draconian monk (Zot:4)
  2 draconian knights (Zot:1)
  7 tengu reavers
  4 storm dragons
  12 rockslimes
  The ghost of Raucato the Carver, a journeyman MiMo of Makhleb (Shoals:2)
  An iron dragon (Depths:3)
  9 frost giants
  9 fire giants
  20 vault wardens
  5 orc warlords
  3 balrugs
  5 emperor scorpions
  Aizul (Elf:1)
  5 deep elf sorcerers
  Louise (D:14)
  7 deep elf elementalists
  The ghost of Emih the Blocker, a journeyman DDFi of Zin (Orc:1)
  8 ghost moths
  A draconian scorcher (Zot:2)
  3 draconian shifters
  A caustic shrike skeleton (Depths:1)
  26 ironbound preservers
  4 draconian stormcallers
  2 spriggan defenders (Depths:2)
  3 broodmothers
  12 stone giants
  14 very ugly things
  7 quicksilver oozes
  5 war gargoyles
  8 ironbound thunderhulks
  2 draconian annihilators
  6 green draconians
  3 deep elf demonologists
  3 vampire knights
  A reaper (Depths:1)
  The ghost of Gilytsin the Fighter, a journeyman GrFi of the Shining One (Shoals:3)
  9 spark wasps
  The ghost of Ruja the Cleaver, a journeyman HOFi of Beogh (Lair:5)
  4 black draconians
  5 purple draconians
  10 deep elf annihilators
  6 dire elephants
  Azrael (D:13)
  5 red draconians
  2 white draconians
  7 entropy weavers
  7 deep elf death magi
  11 yellow draconians
  2 minotaurs
  3 merfolk javelineers
  10 ettins
  22 yaktaur captains
  7 fire dragons
  9 merfolk impalers
  7 great orbs of eyes
  37 vault guards
  Erolcha (D:9)
  8 deep elf high priests
  5 rakshasas
  12 boulder beetles
  A peacekeeper (Vaults:4)
  9 hydras
  2 jorogumos (Spider:4)
  3 spriggan air magi
  8 ice dragons
  3 alligator snapping turtles
  13 two-headed ogres
  3 centaur warriors
  A hell beast (Depths:1)
  4 ironbound frosthearts
  2 catoblepae
  An ogre mage (D:15)
  A death scarab (Spider:1)
  4 merfolk avatars
  12 merfolk aquamancers
  A radroach (Spider:4)
  14 dancing weapons
  10 tengu warriors
  14 death yaks
  2 satyrs
  3 vampire magi
  10 deep troll earth magi
  8 spriggan berserkers
  6 deep troll shamans
  21 hell knights
  5 soul eaters
  4 orc high priests
  8 sun demons
  16 deep elf knights
  5 skeletal warriors
  7 iron trolls
  A salamander mystic (Depths:4)
  7 pharaoh ants
  15 sea snakes
  A sea snake (shapeshifter) (Vaults:1)
  A flayed ghost (Vaults:5)
  A quicksilver dragon simulacrum (Depths:3)
  5 glowing orange brains
  10 orb spiders
  7 steelbarb worms
  68 deep trolls
  12 wizards
  14 deep elf archers
  4 phantasmal warriors (Vaults:5)
  22 ironbound convokers
  A sphinx zombie (Depths:3)
  16 orc knights
  8 large abominations
  15 deep elf zephyrmancers
  10 lindwurms
  3 oklob plants
  24 deep elf pyromancers
  14 harpies
  23 wolf spiders
  9 necromancers
  14 fauns
  47 ugly things
  2 salamanders (Depths:4)
  5 shining eyes
  23 manticores
  3 orc sorcerers
  9 merfolk sirens
  5 cyclopes
  10 elephants (Lair:6)
  Maurice (Orc:2)
  An elephant (shapeshifter) (Vaults:4)
  16 moths of wrath
  3 rust devils (Depths:2)
  9 vault sentinels
  6 water nymphs
  A molten gargoyle (Depths:4)
  12 cane toads
  7 black mambas
  5 torpor snails
  An eye of devastation (Slime:5)
  4 orange demons
  2 smoke demons (Depths:1)
  Maggie (D:8)
  6 unseen horrors
  3 hellions
  A rime drake (shapeshifter) (D:15)
  5 rime drakes (Lair:6)
  Psyche (D:12)
  49 yaktaurs
  9 demonic crawlers
  5 freezing wraiths
  2 ice devils (Lair:6)
  7 komodo dragons
  8 tengu conjurers
  2 kobold demonologists
  A hellwing (Lair:6)
  10 trolls
  14 wind drakes
  A red devil (Depths:2)
  A meliai (Lair:2)
  3 polar bears
  29 tarantellas
  A wind drake (shapeshifter) (Elf:1)
  21 blink frogs
  16 hornets
  23 merfolk
  31 slime creatures
  13 snapping turtles
  9 dream sheep (Lair:6)
  A dream sheep (shapeshifter) (Vaults:5)
  22 jumping spiders
  An ettin skeleton (Depths:1)
  An air elemental (Elf:2)
  A culicivora (shapeshifter) (Vaults:5)
  2 shadows (D:11)
  25 culicivoras
  A spriggan (shapeshifter) (Vaults:5)
  3 spriggans
  A wraith (D:11)
  58 yaks
  19 water elementals
  4 wyverns
  5 fire elementals
  3 basilisks
  3 humans (D:12)
  8 golden eyes (Slime:1)
  A human simulacrum (Vaults:3)
  53 redbacks
  7 chaos spawn (Depths:3)
  A neqoxec (Depths:2)
  3 small abominations (Depths:3)
  21 vampire mosquitoes
  A swamp worm (shapeshifter) (D:13)
  4 acid dragons
  5 wargs
  9 hell hounds
  14 water moccasins
  A sky beast (D:6)
  A floating eye (Depths:1)
  44 orc warriors
  A black bear (Lair:2)
  A floating eye (shapeshifter) (Vaults:5)
  7 ogres
  2 spriggan simulacra
  5 boggarts (Vaults:2)
  21 wolves
  4 centaurs
  A phantom (D:4)
  A kobold brigand (D:6)
  2 elf zombies (Elf:1)
  12 bullfrogs
  4 gnoll sergeants
  5 scorpions
  An earth elemental (Elf:1)
  2 necrophages
  7 wights
  15 killer bees
  4 howler monkeys
  3 electric eels
  3 jellies
  A gnoll shaman (D:7)
  28 orc priests
  2 iguanas
  32 orc wizards
  26 gnolls
  6 adders
  A shadow imp (Spider:1)
  A white imp (D:5)
  7 worms
  4 dart slugs
  116 orcs
  7 endoplasms
  3 giant cockroaches
  14 goblins
  7 hobgoblins
  10 kobolds
  3 quokkas
  5 ball pythons
  7 bats
  2 frilled lizards (D:1)
  6 rats
  A fire vortex (D:14)
2135 creatures vanquished.

Vanquished Creatures (collateral kills)
  A wight (D:10)
1 creature vanquished.

Vanquished Creatures (others)
  A fire giant (Vaults:5)
  A merfolk aquamancer (Shoals:4)
  A bullfrog (D:7)
  A demonic plant (Gauntlet)
  64 fungi
  218 plants
286 creatures vanquished.

Grand Total: 2422 creatures vanquished

Notes
Turn   | Place    | Note
-------+----------+-------------------------------------------
     0 | D:1      | Illumine the Demigod Ice Elementalist began the quest for
                  | the Orb.
     0 | D:1      | Reached XP level 1. HP: 14/14 MP: 5/5
   446 | D:1      | Reached XP level 2. HP: 20/20 MP: 4/7
  1295 | D:1      | Reached XP level 3. HP: 26/26 MP: 7/9
  1413 | D:2      | Learned a level 3 spell: Frozen Ramparts
  1673 | D:2      | Learned a level 3 spell: Ozocubu's Armour
  2026 | D:2      | Reached XP level 4. HP: 31/33 MP: 10/10
  2535 | D:3      | Reached skill level 1 in Short Blades
  2535 | D:3      | Reached skill level 1 in Axes
  3271 | D:4      | Noticed a necrophage
  3290 | D:4      | Killed a necrophage
  3291 | D:4      | Reached XP level 5. HP: 30/38 MP: 9/12
  4315 | D:4      | Reached skill level 5 in Ice Magic
  4315 | D:4      | Reached XP level 6. HP: 14/45 MP: 5/14
  4385 | D:4      | Learned a level 4 spell: Hailstorm
  4609 | D:5      | Entered Level 5 of the Dungeon
  5073 | D:5      | Reached skill level 1 in Fighting
  5176 | D:5      | Reached skill level 1 in Conjurations
  5556 | D:6      | Reached XP level 7. HP: 42/52 MP: 12/16
  5695 | D:6      | Found Jaolyhor's Assorted Antiques.
  5916 | D:6      | Reached skill level 2 in Fighting
  6004 | D:6      | Found Ebiluz Durus's Antique Armour Shop.
  6008 | D:6      | Bought a glowing robe for 88 gold pieces
  6280 | D:6      | You fall into a shaft and drop 1 floor!
  6607 | D:7      | Reached XP level 8. HP: 62/62 MP: 14/18
  6648 | D:6      | Found Hihaodaw's Magic Scroll Shoppe.
  6933 | D:6      | Reached skill level 3 in Fighting
  7061 | D:6      | Found Wyqa's Antique Armour Shoppe.
  7530 | D:7      | Reached skill level 5 in Spellcasting
  7619 | D:7      | Found a staircase to the Ecumenical Temple.
  7874 | D:8      | Noticed Maggie
  8032 | D:8      | Found a staircase to the Lair.
  8044 | Lair:1   | Entered Level 1 of the Lair of Beasts
  8067 | Lair:1   | Noticed a cane toad
  8076 | Lair:1   | Killed a cane toad
  8077 | Lair:1   | Reached XP level 9. HP: 71/71 MP: 9/20
  8197 | Lair:1   | Reached skill level 4 in Fighting
  8231 | Lair:1   | Reached skill level 5 in Dodging
  8349 | Lair:1   | Noticed a cane toad
  8357 | Lair:1   | Killed a cane toad
  8616 | Lair:1   | Noticed a cane toad
  8624 | Lair:1   | Killed a cane toad
  8625 | Lair:1   | Reached skill level 5 in Fighting
  8716 | Lair:1   | Reached skill level 5 in Conjurations
  8780 | Lair:1   | Reached XP level 10. HP: 69/81 MP: 19/22
  9680 | Lair:2   | Found a hole to the Spider Nest.
  9689 | Lair:2   | Reached skill level 6 in Fighting
 10770 | Lair:3   | Noticed a death yak
 10770 | Lair:3   | Noticed a death yak
 10804 | Lair:2   | Killed a death yak
 11054 | Lair:3   | Noticed a death yak
 11054 | Lair:3   | Noticed a death yak
 11070 | Lair:2   | Killed a death yak
 11071 | Lair:2   | Reached XP level 11. HP: 52/91 MP: 11/26
 11244 | Lair:2   | Killed a death yak
 11245 | Lair:2   | Killed a death yak
 11246 | Lair:2   | Reached skill level 7 in Fighting
 11600 | Lair:3   | Reached skill level 1 in Evocations
 12270 | D:6      | Bought a scroll of acquirement for 572 gold pieces
 12270 | D:6      | Acquired the amulet "Huxeiny" {Reflect rPois rN+ SH+5}
 12316 | D:8      | Killed Maggie
 12893 | D:8      | Noticed a two-headed ogre
 12907 | D:8      | Killed a two-headed ogre
 13820 | D:9      | Noticed a two-headed ogre
 13827 | D:9      | Killed a two-headed ogre
 14063 | D:9      | Found a staircase to the Orcish Mines.
 14227 | D:9      | Noticed Erolcha
 14339 | Lair:3   | Found a staircase to the Shoals.
 14752 | Lair:4   | Noticed a lindwurm
 14764 | Lair:4   | Killed a lindwurm
 14765 | Lair:4   | Reached skill level 8 in Fighting
 14772 | Lair:4   | Reached skill level 1 in Shields
 14802 | Lair:4   | Noticed a five-headed hydra
 14838 | Lair:4   | Found a gate leading to a gauntlet.
 14855 | Lair:4   | Killed a five-headed hydra
 14867 | Lair:4   | Noticed a death yak
 14868 | Gauntlet | Entered a Gauntlet
 14868 | Gauntlet | Found a transporter.
 14868 | Gauntlet | Found a transporter.
 15027 | Gauntlet | Found a runed translucent door.
 15030 | Gauntlet | Found a transporter.
 15031 | Gauntlet | Found a transporter.
 15033 | Gauntlet | Found a transporter.
 15033 | Gauntlet | Found a transporter.
 15064 | Gauntlet | Found a transporter.
 15068 | Gauntlet | Found a transporter.
 15077 | Gauntlet | Noticed a reaper
 15081 | Gauntlet | Found a transporter.
 15091 | Gauntlet | Noticed a wretched star
 15092 | Gauntlet | Found a transporter.
 15106 | Gauntlet | Found a transporter.
 15110 | Gauntlet | Found a transporter.
 15120 | Gauntlet | Noticed a wizard
 15233 | Gauntlet | Identified the +6 glaive "Xyacsor" {vorpal, Str+3}
 15278 | Gauntlet | Identified the ring "Reuq" {rF- rC+ rN+ Str+7 Stlth-}
 15331 | Gauntlet | Learned a level 3 spell: Tukima's Dance
 15366 | Gauntlet | Noticed a minotaur
 15377 | Gauntlet | Killed a minotaur
 15378 | Gauntlet | Reached XP level 12. HP: 40/102 MP: 19/28
 15454 | Lair:4   | Noticed an eight-headed hydra
 15464 | Lair:4   | Killed a nine-headed hydra
 15465 | Lair:4   | Reached skill level 1 in Hexes
 16683 | Lair:4   | Reached skill level 5 in Evocations
 17444 | Lair:5   | Found a staircase to the Slime Pits.
 17655 | Lair:5   | Reached skill level 9 in Fighting
 17712 | Lair:5   | Found a runed translucent gate.
 17721 | Lair:5   | Found a runed translucent gate.
 17790 | Lair:5   | Noticed a minotaur
 17801 | Lair:5   | Found a runed translucent gate.
 17802 | Lair:5   | Noticed Ruja's ghost (journeyman HOFi)
 18074 | Lair:6   | Entered Level 6 of the Lair of Beasts
 18181 | Lair:6   | Noticed an eight-headed hydra
 18493 | Lair:6   | Killed an eight-headed hydra
 18831 | Lair:6   | Reached XP level 13. HP: 102/111 MP: 24/31
 18888 | Lair:6   | Learned a level 7 spell: Ozocubu's Refrigeration
 20146 | Lair:6   | Reached skill level 10 in Dodging
 20516 | Lair:6   | Reached skill level 10 in Fighting
 20819 | Lair:6   | Reached skill level 10 in Ice Magic
 21776 | Lair:6   | Found a gateway to Hell.
 22202 | Orc:1    | Entered Level 1 of the Orcish Mines
 22301 | Orc:1    | Found a transporter.
 22590 | Orc:1    | Noticed Emih's ghost (journeyman DDFi)
 22961 | Orc:1    | Noticed an orc warlord
 23004 | Orc:1    | Killed an orc warlord
 23394 | Orc:1    | Found a transporter.
 23718 | Orc:2    | Entered Level 2 of the Orcish Mines
 23782 | Orc:2    | Found a staircase to the Elven Halls.
 23798 | Orc:2    | Noticed Maurice
 23813 | Orc:2    | Killed Maurice
 24131 | Orc:2    | Reached XP level 14. HP: 113/122 MP: 27/32
 25033 | Orc:2    | Found Vorroule's Armour Shop.
 25358 | Orc:2    | Found Pojuah's Jewellery Shoppe.
 26288 | Orc:2    | Reached skill level 5 in Shields
 26442 | Orc:2    | Noticed an orc warlord
 26468 | Orc:2    | Killed an orc warlord
 26691 | Orc:2    | Found Kats's Antique Armour Boutique.
 26698 | Orc:2    | Found Izoxzu's Antique Weapon Shop.
 26808 | Orc:2    | Bought a runed robe for 125 gold pieces
 27269 | D:9      | Killed Erolcha
 27700 | D:10     | Entered Level 10 of the Dungeon
 28039 | D:10     | Found the amulet of Vitality {Regen+ HP+15}
 28234 | D:10     | Reached skill level 11 in Fighting
 28777 | D:10     | Learned a level 4 spell: Dispel Undead
 28782 | D:10     | Learned a level 4 spell: Airstrike
 28975 | D:11     | Found Doech's General Store.
 29316 | D:11     | Reached skill level 1 in Necromancy
 29316 | D:11     | Reached skill level 1 in Air Magic
 31095 | Orc:2    | Bought the +2 shield of Resistance {rF++ rC++ Will++} for
                  | 1103 gold pieces
 31095 | Orc:2    | Found the +2 shield of Resistance {rF++ rC++ Will++}
 31253 | D:11     | Found Rushufral's Neck Hole.
 31772 | D:12     | Found a transporter.
 31965 | D:12     | Found a transporter.
 32160 | D:12     | Found a transporter.
 32167 | D:12     | Noticed Psyche
 32179 | D:12     | Killed Psyche
 32206 | D:12     | Found Zyone Wogh's Magic Scroll Shop.
 33192 | D:12     | Found a transporter.
 33195 | D:12     | Noticed a vault warden
 33875 | D:13     | Noticed Azrael
 33878 | D:13     | Killed Azrael
 33973 | D:13     | Reached XP level 15. HP: 118/130 MP: 16/33
 34050 | D:13     | Reached skill level 10 in Spellcasting
 35177 | D:13     | Found a gate to the Vaults.
 35180 | D:13     | Reached skill level 5 in Air Magic
 35351 | D:13     | Identified the +1 ring mail "Bihirra" {Str+4}
 35842 | D:14     | Noticed Louise
 37904 | Spider:1 | Entered Level 1 of the Spider Nest
 37908 | Spider:1 | Reached skill level 12 in Fighting
 39379 | Spider:1 | Identified the +5 ring mail of Grottiness {Int+4}
 39601 | Spider:1 | Identified the +8 mace of Gigrej {distort, rN+}
 41193 | Spider:1 | Identified the +1 leather armour of Xibb {rElec}
 42396 | Spider:2 | Acquired a staff of cold
 43081 | Spider:2 | Reached skill level 1 in Staves
 43802 | Spider:3 | Reached XP level 16. HP: 141/141 MP: 12/35
 45513 | Spider:4 | Entered Level 4 of the Spider Nest
 45576 | Spider:4 | Acquired 1254 gold pieces
 45831 | Orc:2    | Bought the +1 robe of Vines {NoPotionHeal Regen++++} for
                  | 1360 gold pieces
 45831 | Orc:2    | Found the +1 robe of Vines {NoPotionHeal Regen++++}
 46246 | Spider:4 | Reached skill level 13 in Fighting
 46989 | Spider:3 | HP: 4/143 [something (9)]
 47262 | Shoals:1 | Entered Level 1 of the Shoals
 49377 | Shoals:2 | Reached skill level 10 in Shields
 50477 | Shoals:2 | Found a transporter.
 50482 | Shoals:2 | Noticed Raucato's ghost (journeyman MiMo)
 51728 | D:14     | Killed Louise
 51729 | D:14     | Reached skill level 1 in Long Blades
 52195 | Shoals:3 | Noticed Donald
 52195 | Shoals:3 | Found Wegg's Assorted Antiques.
 52198 | Shoals:3 | Killed Donald
 52448 | Shoals:3 | Noticed Polyphemus
 52465 | Shoals:3 | Killed Polyphemus
 52767 | Shoals:3 | Found a runed translucent gate.
 52767 | Shoals:3 | Found a runed translucent gate.
 52768 | Shoals:3 | Found a runed translucent gate.
 52769 | Shoals:3 | Noticed Gilytsin's ghost (journeyman GrFi)
 54233 | Shoals:3 | Reached XP level 17. HP: 140/151 MP: 11/36
 54890 | Shoals:4 | Entered Level 4 of the Shoals
 55466 | Shoals:4 | Upgraded the game from 0.29-a0-490-g77b3608 to
                  | 0.29-a0-492-g10b964d
 55497 | Shoals:4 | Got a barnacled rune of Zot
 56290 | Shoals:4 | Reached skill level 14 in Fighting
 56295 | Shoals:4 | Got Pimuam's Incunabulum of Poisonous Ignition
 56393 | Shoals:4 | Identified the +6 scimitar "Worm's Wrath" {vorpal, rElec
                  | rF- rC++}
 57342 | Shoals:4 | Got the Incunabulum of the Oath and Venom
 57961 | Vaults:1 | Entered Level 1 of the Vaults
 58084 | Vaults:1 | Reached skill level 10 in Air Magic
 58735 | Lair:5   | Killed Ruja's ghost
 59047 | Shoals:2 | Found a transporter.
 59077 | Shoals:2 | Killed Raucato's ghost
 59082 | Shoals:2 | Identified the ring "Ciaseciw" {Ice rPois}
 59254 | Shoals:3 | Killed Gilytsin's ghost
 59504 | Shoals:3 | Identified the +1 helmet of Onwoit {-Cast Regen+ SInv}
 59518 | Shoals:3 | Identified the +9 whip "Acvanum" {vorpal, rElec rF+ Stlth+}
 61929 | Vaults:1 | Reached XP level 18. HP: 135/161 MP: 6/38
 63819 | Vaults:2 | Reached skill level 15 in Fighting
 63935 | Vaults:2 | Learned a level 5 spell: Yara's Violent Unravelling
 64270 | Vaults:2 | Reached skill level 1 in Transmutations
 64455 | Vaults:2 | Reached skill level 5 in Long Blades
 65270 | Vaults:2 | Found a transporter.
 65273 | Vaults:2 | Noticed SuisLittleHoshiymin's ghost (adept HOMo)
 65275 | Vaults:2 | Found a transporter.
 65275 | Vaults:2 | Identified the +9 giant club of Internal Strife {elec, Fly
                  | Int+2 SInv Stlth+}
 65324 | Vaults:2 | Reached skill level 5 in Hexes
 65439 | Vaults:2 | Found a gateway to a bazaar.
 65458 | Bazaar   | Entered a bazaar
 65458 | Bazaar   | Found Ecogaeb's Magic Scroll Boutique.
 65458 | Bazaar   | Found Ajastrone's Weapon Shoppe.
 65458 | Bazaar   | Found Poxeun's Distillery.
 65460 | Bazaar   | Found Bujydeh's Antique Weapon Emporium.
 65509 | Bazaar   | Bought a potion of brilliance for 36 gold pieces
 65939 | Vaults:3 | Upgraded the game from 0.29-a0-492-g10b964d to
                  | 0.29-a0-493-g10c3c7b
 67056 | Vaults:3 | Found Iqemoc's Book Shop.
 67133 | Vaults:3 | Reached XP level 19. HP: 166/171 MP: 24/39
 67555 | Vaults:3 | Noticed a bone dragon
 67579 | Vaults:3 | Killed a bone dragon
 67728 | Vaults:3 | Found a staircase to the Crypt.
 68039 | Vaults:3 | You fall into a shaft and drop 1 floor!
 68470 | Vaults:4 | Reached skill level 16 in Fighting
 69544 | Vaults:4 | Found a portal to a secret trove of treasure.
 69583 | Vaults:4 | Noticed Frederick
 69693 | Vaults:4 | Identified the ring "Cywacse" {Fire rPois rN+ Str-4 Stlth+}
 70722 | Elf:1    | Entered Level 1 of the Elven Halls
 70789 | Orc:1    | Killed Emih's ghost
 71153 | Elf:1    | Noticed Aizul
 71158 | Elf:1    | Killed Aizul
 71539 | Elf:1    | Found Dirol's Jewellery Shoppe.
 71832 | Elf:1    | Got the Handbook of Evil
 71933 | Elf:1    | Found Xeclegip's Jewellery Boutique.
 72397 | Elf:2    | Identified the ring "Siohal" {rF+ MP+9}
 72779 | Elf:2    | Found Firchoro's Magic Scroll Shop.
 72994 | Elf:2    | Paralysed by an air elemental for 1 turns
 73244 | Elf:2    | Found a runed translucent gate.
 73245 | Elf:2    | Found a runed translucent gate.
 73245 | Elf:2    | Found a runed translucent gate.
 73283 | Elf:3    | Entered Level 3 of the Elven Halls
 73293 | Elf:3    | Reached XP level 20. HP: 164/182 MP: 26/41
 74007 | Elf:3    | Learned a level 8 spell: Maxwell's Capacitive Coupling
 74972 | Elf:3    | Reached skill level 17 in Fighting
 75031 | Elf:3    | Noticed Zenata
 75040 | Elf:3    | Killed Zenata
 75115 | Elf:3    | Identified the +7 double sword of Incongruity {flame,
                  | Will++}
 75115 | Elf:3    | Identified the ring "Wool" {rF+ Int+2}
 75296 | Elf:3    | Identified the +1 robe of Beloved Miracles {+Inv rF+ rCorr}
 75416 | Elf:3    | Identified the +9 morningstar of Nickuxiu {vorpal, rPois
                  | Str+4 SInv}
 75531 | Elf:3    | Identified the amulet "Ukor" {Reflect rCorr Dex+4 SH+5}
 75997 | Elf:3    | Identified the +1 scale mail of Context {MP+9}
 76011 | Elf:3    | Identified the +0 cloak "Bahaw" {Rampage rElec rN+ MP-9
                  | Int+2}
 76039 | Elf:3    | Identified the +3 pair of gloves of Tartarus {Will+}
 76197 | Elf:3    | Identified the ring of Ubiadien {rPois rN+ Int-4 Dex+2
                  | Stlth+}
 77176 | D:15     | Entered Level 15 of the Dungeon
 77645 | D:15     | Found Asteiq's Distillery.
 77653 | D:15     | Bought a potion of curing for 51 gold pieces
 77653 | D:15     | Bought a potion of curing for 51 gold pieces
 77909 | Vaults:4 | You paid a toll of 18 potions of curing to enter a treasure
                  | trove
 77910 | Trove    | Entered a treasure trove
 77936 | Trove    | Found the +3 robe of Clouds {*Thunder rCloud rElec}
 77963 | Trove    | Identified the amulet of Pragmatism {RegenMP rC+ Str-5
                  | Dex+4}
 77965 | Trove    | Identified the ring "Jiheam Isi" {rPois MP+9 Str+6 Dex+2}
 77967 | Trove    | Identified the amulet "Lumen" {Reflect Rampage Str+7 Int-4
                  | Dex-4 SH+5}
 77969 | Trove    | Identified the ring of Pif Suov {Fly rF++ rC+++ AC+4 Str-4}
 78038 | Vaults:5 | Entered Level 5 of the Vaults
 79514 | Spider:4 | Noticed Arachne
 79526 | Spider:4 | Killed Arachne
 79693 | Spider:4 | Got a gossamer rune of Zot
 80226 | Spider:4 | Reached skill level 15 in Air Magic
 80856 | Spider:4 | Paralysed by a hornet for 1 turns
 81413 | D:15     | Reached skill level 18 in Fighting
 81689 | D:15     | Found a staircase to the Depths.
 82385 | Depths:1 | Entered Level 1 of the Depths
 82466 | Depths:1 | Reached XP level 21. HP: 182/194 MP: 7/42
 84379 | Depths:1 | Found a one-way gate to the infinite horrors of the Abyss.
 84393 | Depths:1 | Found a one-way gateway to a ziggurat.
 84393 | Depths:1 | Paralysed by a floating eye for 2 turns
 85416 | Depths:2 | Found Impirr's Elemental Accessories.
 85434 | Depths:2 | Found Rypeqaok's Armour Boutique.
 85438 | Depths:2 | Noticed Bai Suzhen
 86255 | Depths:2 | Found a one-way gate leading to the halls of Pandemonium.
 86554 | Depths:2 | Identified the ring of Huycvuuk {Fly rPois rN+ Slay+3 SInv}
 87775 | Depths:2 | Killed Bai Suzhen
 88492 | Depths:2 | Learned a level 1 spell: Apportation
 88715 | Depths:3 | Identified the +10 mace of the Shimmering Wolf {spect,
                  | Int+2}
 89303 | Depths:3 | Identified the +6 war axe "Ihopoghyt" {drain, rElec rPois}
 89654 | Depths:3 | Reached skill level 15 in Shields
 89929 | Depths:3 | Reached XP level 22. HP: 204/204 MP: 32/45
 90899 | Depths:4 | Entered Level 4 of the Depths
 91147 | Depths:4 | Reached skill level 10 in Long Blades
 91684 | Depths:4 | Reached skill level 19 in Fighting
 91945 | Depths:4 | Found a gate to the Realm of Zot.
 92427 | Vaults:5 | Noticed an ancient lich
 92597 | Vaults:4 | Killed an ancient lich
 93372 | Vaults:5 | Noticed an ancient lich
 93379 | Vaults:5 | Killed an ancient lich
 94098 | Vaults:5 | Identified the ring of Nileib {Str+6 Dex+6}
 94216 | Vaults:5 | Reached skill level 15 in Dodging
 94442 | Vaults:5 | Noticed a dread lich
 94447 | Vaults:5 | Killed a dread lich
 94659 | Vaults:5 | Identified the +3 short sword "Xyutrias" {protect, Str+3}
 94659 | Vaults:5 | Identified the amulet "Qumyuvue" {rElec rC+ Regen+}
 95459 | Vaults:5 | Identified the +7 chain mail of the Blessed Realm {rPois
                  | rC+ rN+}
 95461 | Vaults:5 | Got a silver rune of Zot
 95683 | Vaults:5 | Got the Volume of Blistering Earth
 95869 | Vaults:5 | Acquired 1078 gold pieces
 95934 | Vaults:5 | Reached XP level 23. HP: 211/212 MP: 36/47
 95942 | Vaults:5 | Killed Frederick
 96662 | Vaults:5 | Noticed an ancient lich
 96673 | Vaults:5 | Killed an ancient lich
 97401 | Slime:1  | Entered Level 1 of the Pits of Slime
 97637 | Slime:3  | Gained mutation: Your spells are a little easier to cast,
                  | but a little less powerful. [a shining eye]
 98029 | Slime:4  | Gained mutation: You sometimes lose the ability to read
                  | scrolls when taking damage. [a shining eye]
 98083 | Slime:5  | Entered Level 5 of the Pits of Slime
 98923 | Slime:5  | Gained mutation: You are frail. (-10% HP) [a shining eye]
 98924 | Slime:5  | Gained mutation: You are weak. (Str -2) [a shining eye]
 99046 | Slime:5  | Noticed the Royal Jelly
 99056 | Slime:5  | Killed the Royal Jelly
 99057 | Slime:5  | Reached skill level 20 in Fighting
 99305 | Slime:5  | Identified the +0 pair of boots of the Tick {Int+4}
 99323 | Slime:5  | Identified the +4 plate armour of Hairiness {Harm rElec
                  | Will+ Str+2}
 99324 | Slime:5  | Identified the amulet of Varit {Faith rF+ rCorr}
 99327 | Slime:5  | Identified the ring "Ylaqyih" {*Corrode rF+ Will+ Str+3}
 99347 | Slime:5  | Got Hefabbi's Easy Sorcery
 99359 | Slime:5  | Identified the amulet "Qiosobi" {Acrobat Stlth+}
 99361 | Slime:5  | Got a slimy rune of Zot
 99362 | Slime:5  | Identified the +8 spear "Xicigod" {pain, Str+4 Int+4}
 99384 | Slime:5  | Identified the +5 scythe "Arcanum" {antimagic, Str+4 Int+6}
 99853 | Zot:1    | Entered Level 1 of the Realm of Zot
101528 | Zot:1    | Reached skill level 15 in Spellcasting
103761 | Zot:4    | HP: 2/195 [tentacled monstrosity (8)]
103761 | Zot:4    | Constricted to death by a tentacled monstrosity

Illustrated notes

Levels and vault maps discovered:
D:1:      lemuel_arrival_tunnels, layout_basic, ebering_ecumenical_altar_mist
D:2:      layout_basic, basic_altar
D:3:      layout_loops_ring
D:4:      layout_basic, bh_walls_and_bars
D:5:      layout_rooms, roderic_lattice_a
D:6:      minmay_spotlight, layout_basic, serial_shops, shop,
          nicolae_shop_waterfront, nicolae_shop_behind_doors, shop
D:7:      layout_basic, lemuel_temple_firewalk_b, kennysheep_generic_room_2
D:8:      layout_layer_cave, yredelemnul_altar_generic,
          grunt_lair_entry_orc_guard_hut, hangedman_decor_points, uniq_maggie
D:9:      layout_roguey, orc_0_dummy, uniq_erolcha
D:10:     layout_irregular_city
D:11:     minmay_s_stair_smasher, layout_long_grid, serial_shops, shop,
          nicolae_shop_sticking_my_neck_out
D:12:     dreamdust_wu_jian_sword_trials, layout_layer_cave, serial_shops,
          nicolae_diamond_shop, nicolae_sextant, uniq_psyche
D:13:     layout_rooms, david_vaults_1, uniq_azrael
D:14:     layout_long_grid, kennysheep_small_spiral,
          minmay_fractal_squares_diagonal_5, uniq_louise
D:15:     grunt_enter_depths_snipers, layout_grid_maze, lemuel_tele_altar,
          serial_shops, shop
Lair:1:   layout_big_grid, infiniplex_staircase_pool_2, serial_bayou_shore_a,
          grunt_megastairs_4
Lair:2:   layout_cave_shapes, hellmonk_spider_entry_not_the_bees
Lair:3:   layout_roguey, minmay_shoals_entry_lonely_mermaid,
          nicolae_quartered_pool_impasse, infiniplex_staircase_pool,
          lemuel_fruit_fields
Lair:4:   layout_long_grid, gauntlet_entry_generic,
          portal_ice_cave_entry_pillars_1, grunt_megastairs_2
Lair:5:   layout_roguey, slime_dummy, maelrawn_ghost_gauntlet_escape
Lair:6:   evil_forest, layout_layer_cave
Shoals:1: layout_shoals, nicolae_shoals_this_corrosion
Shoals:2: layout_shoals, gammafunk_ghost_berserking_beasts,
          nicolae_shoals_aquamancer_cove
Shoals:3: layout_shoals, gammafunk_ghost_tricky_traps, nicolae_stop_n_shop_1,
          uniq_polyphemus, uniq_donald
Shoals:4: shoals_end_simple, layout_shoals, nicolae_shoals_shepherds
Spider:1: layout_spider_delve, nicolae_crawler_farm
Spider:2: layout_spider_delve
Spider:3: layout_spider_delve, drop_trap
Spider:4: johnstein_spider_rune_arachne_lair, hive_lemuel
Slime:1:  layout_caves, cheibrodos_slime_lost_civilization_4
Slime:2:  nicolae_slime_pool, layout_caves
Slime:3:  layout_caves
Slime:4:  layout_caves
Slime:5
Orc:1:    layout_diamond_mine, gammafunk_ghost_wrathful_warriors,
          nicolae_orc_stony_grotto, lightli_orcish_oven
Orc:2:    grunt_orc_community_town_hall, layout_caves,
          grunt_orc_community_big_house_2, grunt_orc_community_big_house_2,
          grunt_orc_community_house_3, grunt_orc_community_house_3,
          grunt_orc_community_house_3, grunt_orc_community_house_2, uniq_maurice
Elf:1:    minmay_elf_arrival_circle, layout_rooms, serial_shops, shop,
          basic_altar, minmay_elf_necromancy, nicolae_elf_glassroom_feature,
          uniq_aizul
Elf:2:    nicolae_elf_blades_crystal_corner, layout_geoelf_diagonals,
          serial_shops, shop
Elf:3:    minmay_elf_hall_statues, layout_geoelf_castle, basic_altar,
          uniq_zenata
Vaults:1: nicolae_vaults_rhombus_6, hangedman_vaults_stretched_pinwheel,
          dpeg_vaults_monster_box, hangedman_vaults_river_flow, v_misc_18,
          ontoclasm_vaults_fault, nicolae_vaults_diagonal_hallway_8,
          layout_vaults_quadrants
Vaults:2: gammafunk_ghost_smash, ontoclasm_vaults_gallery, serial_ice_g,
          vaults_room_fours, nicolae_vaults_asterisk, v_misc_10,
          hangedman_vaults_restitches, v_pattern_4, hangedman_vaults_capsules,
          ontoclasm_vaults_decontamination,
          nicolae_vaults_windows_and_doors_thing, vaults_mumra_lcd,
          layout_vaults_omnicross, serial_shops, bzr_entry_gold
Vaults:3: nicolae_vaults_angled_halls, nicolae_vaults_little_squares_5,
          vaults_room_fancy_cross, serial_ice_h, ontoclasm_vaults_tryst,
          hangedman_vaults_maws, minmay_crypt_entry_nasty_monster,
          nicolae_vaults_yaktaur_gun_rack, v_misc_28, vaults_room_hallway,
          vaults_room_stairs_pillars, vaults_room_grunt_arrival_ludios,
          v_misc_32, layout_vaults_chaotic_city, serial_shops, shop,
          uniq_margery
Vaults:4: v_misc_5, hangedman_vaults_snaps, vaults_dpeg_cross,
          nicolae_vaults_little_squares_3, v_alt_pattern_2, v_misc_25,
          nicolae_vaults_little_squares_1, v_rooms_1, vaults_room_pool,
          hangedman_vaults_slice, nicolae_vaults_what_the_h,
          nicolae_vaults_bisected_slash, nicolae_vaults_little_squares_2,
          layout_vaults_ring, nicolae_trove_entry_diagonal, uniq_frederick
Vaults:5
Depths:1: layout_honeycomb, enter_ziggurat_d, abyss_entry_flame_altar,
          hellmouth_2, minmay_misc_feat_hallway,
          nicolae_ru_great_annihilating_truth
Depths:2: minmay_imperfect_grid, layout_basic, pf_dread_powers_of_hell,
          abyss_entry_glasseish, hangedman_abyss_or_decor_stabs, serial_shops,
          nicolae_square_shop, grunt_pan_entry_spiral, grunt_decor_arrowhead,
          nicolae_elemental_shop, chequers_serial_rivers_small_a,
          infiniplex_staircase_diamond, uniq_bai_suzhen
Depths:3: dreamdust_tengu_aerie, layout_cave_pools, hell_entry, pan_entry,
          minmay_room_of_horrors, minmay_stone_trees_small, evilmike_minifort
Depths:4: evilmike_zot_entry_basic, layout_basic, hellmouth_1,
          nicolae_two_hexagons
Zot:1:    layout_misc_corridors
Zot:2:    layout_gridlike
Zot:3:    layout_onion_interference
Zot:4:    layout_basic

Skill      XL: |  1  2  3  4  5  6  7  8  9 10 11 12 13 14 15 16 17 18 19 20 21 22 23 |
---------------+----------------------------------------------------------------------+-----
Spellcasting   | 2 3 4 5 6 7 8 9 10 11 12 13 14 15 | 15.1
Stealth        | 2 |  2.0
Ice Magic      | 4 5 6 7 8 11 13 14 | 14.1
Short Blades   | 1 2 |  2.0
Axes           | 1 2 3 4 |  4.1
Dodging        | 2 3 4 5 7 8 9 10 11 12 13 14 15 16 | 16.3
Fighting       | 1 2 3 5 6 8 9 10 11 12 13 14 15 16 18 19 20 | 20.3
Conjurations   | 1 2 3 5 6 |  6.0
Evocations     | 3 5 |  5.4
Shields        | 2 4 6 8 10 11 12 14 15 | 15.4
Hexes          | 3 5 |  5.0
Necromancy     | 2 |  2.0
Air Magic      | 3 7 9 10 12 13 15 16 | 16.0
Staves         | 1 3 |  3.3
Long Blades    | 1 3 6 9 11 13 | 13.9
Transmutations | 4 |  4.0

Action                   |  1- 3 |  4- 6 |  7- 9 | 10-12 | 13-15 | 16-18 | 19-21 | 22-24 || total
-------------------------+-------+-------+-------+-------+-------+-------+-------+-------++-------
Melee: Club              |    14 |       |       |       |       |       |       |       ||    14
       Punch             |     1 |     1 |     1 |     5 |    10 |     1 |       |       ||    19
       Hand axe          |    16 |    89 |    80 |   285 |   796 |    63 |       |       ||  1329
       Dagger            |       |    24 |       |       |       |       |       |       ||    24
       Flail             |       |       |     3 |    20 |       |       |       |       ||    23
       Staff             |       |       |       |       |     8 |    45 |    22 |     3 ||    78
       Demon blade       |       |       |       |       |       |   267 |   537 |   239 ||  1043
       Scimitar          |       |       |       |       |       |    18 |       |       ||    18
Throw: Javelin           |       |       |       |       |     7 |     2 |     1 |     4 ||    14
 Cast: Freeze            |    59 |     7 |       |    10 |     4 |    14 |       |       ||    94
       Frozen Ramparts   |     3 |    15 |    44 |    85 |   165 |     4 |       |       ||   316
       Ozocubu's Armour  |       |     8 |    17 |    51 |    96 |     7 |       |       ||   179
       Hailstorm         |       |       |     1 |    21 |    35 |       |       |       ||    57
       Tukima's Dance    |       |       |       |     1 |     3 |       |     2 |       ||     6
       Ozocubu's Refrige |       |       |       |       |   105 |   379 |   395 |   273 ||  1152
       Airstrike         |       |       |       |       |   140 |   214 |    76 |    26 ||   456
       Dispel Undead     |       |       |       |       |    26 |     5 |    36 |     5 ||    72
       Maxwell's Capacit |       |       |       |       |       |       |    17 |    36 ||    53
       Yara's Violent Un |       |       |       |       |       |       |     1 |     1 ||     2
Evoke: Wand              |       |       |       |    14 |    19 |     8 |     4 |       ||    45
       Lightning rod     |       |       |       |     6 |     7 |     7 |    10 |       ||    30
  Use: Scroll            |       |     5 |     5 |    13 |    12 |    21 |     7 |     7 ||    70
       Potion            |       |       |       |       |       |     6 |     1 |       ||     7
 Stab: Sleeping          |     1 |     3 |       |       |       |       |     2 |       ||     6
       Distracted        |       |       |       |       |       |       |     6 |     6 ||    12
       Paralysed         |       |       |       |       |       |       |     1 |       ||     1
Armor: Robe              |    34 |    23 |    21 |   111 |   307 |   104 |   113 |   100 ||   813
       Skin              |       |       |       |       |       |    25 |       |       ||    25
Dodge: Dodged            |    81 |    63 |    50 |   298 |   611 |   381 |   264 |   218 ||  1966
Block: Other             |       |       |       |    46 |   137 |    33 |       |       ||   216
       Reflection        |       |       |       |       |    17 |    43 |    44 |    20 ||   124
       Kite shield       |       |       |       |       |   362 |   494 |   593 |   330 ||  1779

Table legend: (Time is in decaauts)
 A = Elapsed time spent in this place.
 B = Non-inter-level travel time spent in this place.
 C = Inter-level travel time spent in this place.
 D = Time resting spent in this place.
 E = Time spent auto-exploring this place.
 F = Levels seen in this place.
 G = Mean time per level.
                   A        B        C        D        E       F      G
               +--------+--------+--------+--------+--------+-----+--------+
         Total | 104435 |  95596 |   8839 |  39314 |  37444 |  55 | 1898.8 |
       Dungeon |  26423 |  23213 |   3210 |   6149 |  13589 |  15 | 1761.5 |
          Lair |  12732 |  11520 |   1212 |   3638 |   5622 |   6 | 2122.0 |
        Shoals |  10099 |   9472 |    627 |   5377 |   1889 |   4 | 2524.8 |
   Spider Nest |  11828 |  10969 |    859 |   6935 |   2009 |   4 | 2957.0 |
    Slime Pits |   2108 |   2047 |     61 |   1517 |      4 |   5 |  421.6 |
  Orcish Mines |   5823 |   5317 |    506 |   2001 |   1869 |   2 | 2911.5 |
   Elven Halls |   5609 |   5264 |    345 |   1978 |   1918 |   3 | 1869.7 |
        Vaults |  16186 |  14663 |   1523 |   5782 |   6145 |   5 | 3237.2 |
        Depths |  10286 |   9814 |    472 |   4356 |   3671 |   4 | 2571.5 |
           Zot |   2599 |   2580 |     19 |   1328 |    664 |   4 |  649.8 |
        Bazaar |     74 |     74 |      0 |      0 |     43 |   1 |   74.0 |
         Trove |    101 |    101 |      0 |      0 |     19 |   1 |  101.0 |
      Gauntlet |    562 |    562 |      0 |    251 |      0 |   1 |  562.0 |
               +--------+--------+--------+--------+--------+-----+--------+

Top non-repeatable levels by time:
Vaults:4: 4357 daAuts
   Orc:2: 3974 daAuts
Spider:1: 3922 daAuts
Depths:2: 3787 daAuts
Spider:2: 3557 daAuts
  Lair:6: 3523 daAuts
Vaults:1: 3469 daAuts
    D:12: 3391 daAuts
   Elf:3: 3380 daAuts
Vaults:2: 3218 daAuts
    D:13: 3042 daAuts
Shoals:1: 3035 daAuts
Depths:1: 2830 daAuts
Shoals:3: 2799 daAuts
Shoals:4: 2699 daAuts
